AoeStats
← Michi3052

Arabia

509902450Analyzed
1v1 RM · 4d ago on Sep 28, 2026· 42m 44s· 2 players
Game mode
Random Map
Map size
Tiny (2 player)
Population
200
Speed
Normal
Resources
Standard
Victory
Conquest
Starting age
Dark Age
Ending age
Imperial Age
RankedLock teamsTeams togetherTeam positionsShared explorationLock speedFull tech treeHidden civsTurbo modeCheats
Victory
Defeat
🇵🇪 Italians · Peru
674
+18
🇪🇸 Dravidians · Spain
716
-18
eduardo.lion.w
12:11 Feudal Age
13:31 Wheelbarrow
17:14 Castle Age
18:09 Double-Bit Axe
22:29 Gold Mining
23:53 Horse Collar
24:14 Loom
25:04 Light Cavalry
26:55 Bloodlines
28:07 Husbandry
33:28 Hand Cart
32:59 Town Watch
33:30 Forging
35:15 Bow Saw
36:34 Heavy Plow
39:50 Iron Casting
39:20 Scale Barding Armor
39:08 Fletching
39:43 Crossbowman
40:45 Elite Skirmisher
44:03 Imperial Age
41:59 Bodkin Arrow
43:09 Padded Archer Armor
Michi3052
8:07 Loom
10:25 Feudal Age
11:12 Man-at-Arms
16:41 Gold Mining
22:17 Castle Age
22:35 Double-Bit Axe
22:28 Long Swordsman
22:57 Gambesons
22:34 Elite Skirmisher
24:32 Pikeman
28:06 Wheelbarrow
33:52 Bow Saw
35:03 Thumb Ring
36:40 Fletching
36:51 Scale Mail Armor
36:53 Padded Archer Armor
37:48 Town Watch
38:59 Leather Archer Armor
38:48 Stone Mining
41:03 Bodkin Arrow
Connection lost

Rejoining the realm…

Still unreachable

The connection could not be restored.

Session expired

The server has moved on; the page needs a fresh start.